 Seeded DCSS version 0.31-a0-1173-g2d6e455 (webtiles) character file.

Game seed: 5008648293111384844 (custom seed)

134 brinewave the Chopper (level 5, -6/45 HPs)
             Began as a Hill Orc Hedge Wizard on Dec 10, 2023.
             Blown up by Ijyb (12 damage)
             ... with a mindburst bolt
             ... on level 3 of the Dungeon.
             The game lasted 00:14:56 (2993 turns).

brinewave the Chopper (Hill Orc Hedge Wizard)       Turns: 2993, Time: 00:14:57

Health: -6/45      AC: 10    Str: 15    XL:     5   Next: 17%
Magic:  8/8        EV:  7    Int: 14    God:
Gold:   64         SH:  0    Dex: 10    Spells: 7/8 levels left

rFire   . . .        e - +0 war axe (heavy)
rCold   . . .        (no shield)
rNeg    . . .        n - +0 chain mail
rPois   .            v - +0 helmet
rElec   .            (no cloak)
rCorr   .            (no gloves)
SInv    .            (no boots)
Will    .....        (no amulet) Stlth
                     (no ring)
HPRegen 0.27/turn    (no ring)
MPRegen 0.11/turn

%: no passive effects
@: about to teleport
A: no striking features
a: no special abilities


You were on level 3 of the Dungeon.
You visited 1 branch of the dungeon, and saw 3 of its levels.
You also visited: Sewer.

You collected 169 gold pieces.
You spent 105 gold pieces at shops.

Inventory:

Hand Weapons
 e - a +0 heavy war axe (weapon)
 i - a +3 short sword of protection
Missiles
 a - a javelin
 f - 19 stones
Armour
 j - a +0 ring mail
 n - a +0 chain mail (worn)
 v - a +0 helmet (worn)
Wands
 u - a wand of polymorph (9)
Scrolls
 g - a scroll of amnesia {unknown}
 k - 2 scrolls of fog {unknown}
 q - 2 scrolls of revelation {unknown}
 s - a scroll of brand weapon {unknown}
 t - a scroll of enchant weapon {unknown}
Potions
 b - a potion of cancellation {unknown}
 d - a potion of magic
 m - a potion of curing
 o - a potion of attraction {unknown}
 p - 2 potions of enlightenment {unknown}
 r - a potion of haste {unknown}


   Skills:
 + Level 3.2 Fighting
 + Level 3.2 Axes
 + Level 2.7 Armour
 - Level 1.5 Dodging
 - Level 1.5 Stealth
 - Level 2.4 Spellcasting
 - Level 1.0 Conjurations
 - Level 1.0 Summonings
 - Level 0.7 Translocations


You had 7 spell levels left.
You knew the following spells:

 Your Spells              Type           Power      Damage    Failure   Level
a - Magic Dart            Conj           16%        1d3       91%         1

Your spell library contained the following spells:

 Spells                   Type           Power      Damage    Failure   Level
 Apportation              Tloc           6%         N/A       94%         1
 Slow                     Hex            4%         N/A       97%         1
 Call Imp                 Summ           8%         N/A       97%         2
 Blink                    Tloc           6%         N/A       98%         2
 Cigotuvi's Dreadful Rot  Necr/Pois/Air  2%         N/A       99%         2
 Jinxbite                 Hex            2%         N/A       99%         2
 Hailstorm                Conj/Ice       3%         3d5       100%        3
 Mephitic Cloud           Conj/Pois/Air  2%         N/A       100%        3
 Summon Ice Beast         Ice/Summ       3%         N/A       100%        4
 Alistair's Intoxication  Tmut/Pois      0%         N/A       100%        5
 Simulacrum               Ice/Necr       0%         N/A       100%        6


Dungeon Overview and Level Annotations

Branches:
Dungeon (3/15)              Sewer (visited)

Altars:
Elyvilon

Shops:
D:2 ?(:

Annotations:
D:2 Natasha
D:3 Ijyb


Message History

Okay, then.
Okay, then.
v - a +0 helmet You start removing your armour.
You continue taking off your +0 hat. x4
You finish taking off your +0 hat.
You start putting on your armour.
You continue putting on your +0 helmet. x5
You finish putting on your +0 helmet.
You drop a +0 hat. x2
You drop a +0 robe.
There is a stone staircase leading down, spattered with blood here.
You climb downwards.
There is a stone staircase leading up, spattered with blood here.
q - 2 scrolls labelled OHIUGISSYU (gained 1)
You now have 51 gold pieces (gained 7).
b - a smoky silvery potion You now have 64 gold pieces (gained 13).
Ijyb the Twisted Goblin comes into view.
She is wielding a +0 club and carrying a wand of mindburst.
Found a book of Callings.
Ijyb shouts!
Throw: 4 javelins
Press: ? - help, Shift-Dir - straight line, f - Ijyb
Aim: Ijyb, wielding a +0 club, wearing a +0 leather armour and carrying a wand of mindburst (43% to hit)
You throw a javelin.
The javelin pierces through Ijyb but does no damage.
Throw: 3 javelins
Press: ? - help, Shift-Dir - straight line, f/p - Ijyb
Aim: Ijyb, wielding a +0 club, wearing a +0 leather armour and carrying a wand of mindburst (43% to hit)
You throw a javelin. The javelin closely misses Ijyb.
Throw: 2 javelins
Press: ? - help, Shift-Dir - straight line, f/p - Ijyb
Aim: Ijyb, wielding a +0 club, wearing a +0 leather armour and carrying a wand of mindburst (43% to hit)
You throw a javelin. The javelin misses Ijyb.
Ijyb zaps a wand.
Your mind is blasted!
You miss Ijyb.
Ijyb zaps a wand.
Your mind is blasted!
Ijyb barely misses you.
You closely miss Ijyb. Ijyb hits you with a +0 club.
Ijyb zaps a wand.
Your mind is blasted!
* * * LOW HITPOINT WARNING * * *
As you read the scroll of teleportation, it crumbles to dust.
You feel strangely unstable.
Ijyb zaps a wand.
Your mind is blasted!
You die...

### ##.## # ##.#>#####
#.###...†. ##.#....## ########
##.#)..>. ###(..... #.#..<##
#.(..:g.# #.#####.##.##. #@#
#.............
#.###.............
#...........##.#.. ##..
#.......######..>. #...
.#####..##.#.# ##... #..#
#........##.#.#######..# #..#
##...###.#....##........ #..#
#...............####..#
#.g########.....#..............


You could see Ijyb.

Vanquished Creatures
  Robin (D:2)
  4 adders
  2 worms (D:2)
  2 orcs (D:3)
  5 bats
  6 endoplasms (D:1)
  4 giant cockroaches
  6 hobgoblins
  7 jackals
  8 kobolds
  A quokka (D:3)
  7 ball pythons
  5 frilled lizards
  8 goblins
  5 rats
71 creatures vanquished.

Notes
Turn   | Place    | Note
-------+----------+-------------------------------------------
     0 | D:1      | brinewave the Hill Orc Hedge Wizard began the quest for the
                  | Orb.
     0 | D:1      | Reached XP level 1. HP: 14/14 MP: 3/3
   207 | D:1      | Reached skill level 1 in Axes
   286 | D:1      | Reached XP level 2. HP: 17/22 MP: 5/5
   292 | D:1      | Reached skill level 1 in Fighting
   343 | D:1      | Reached skill level 1 in Armour
   773 | D:1      | Reached XP level 3. HP: 29/29 MP: 6/6
  1324 | D:2      | Found Nigownot's Book Shoppe.
  1371 | D:2      | Reached XP level 4. HP: 34/37 MP: 7/7
  1447 | D:2      | Found Ydiolalo's Magic Scroll Boutique.
  1467 | D:2      | Bought a scroll of teleportation for 30 gold pieces
  1467 | D:2      | Bought a scroll of identify for 20 gold pieces
  1467 | D:2      | Bought a scroll of identify for 20 gold pieces
  1618 | D:2      | Found Biluocw's Weapon Boutique.
  1621 | D:2      | Bought a +0 war axe for 35 gold pieces
  1702 | D:2      | Noticed Natasha
  1972 | D:3      | Found a white marble altar of Elyvilon.
  2191 | D:3      | Found a glowing drain.
  2220 | Sewer    | Entered a sewer
  2388 | Sewer    | Noticed Pargi
  2690 | D:3      | Noticed Robin
  2714 | D:3      | Reached XP level 5. HP: 44/45 MP: 8/8
  2832 | D:2      | Killed Robin
  2987 | D:3      | Noticed Ijyb
  2993 | D:3      | Blown up by Ijyb

Illustrated notes

Levels and vault maps discovered:
D:1:      onia_arrival_mini_spirals, layout_rooms, minmay_indecisive_spiral
D:2:      layout_basic, serial_shops, nicolae_shop_gibbet_a_chance, shop, shop,
          nicolae_shop_real_fake_doors, uniq_natasha
D:3:      layout_loops_ring, mainiacjoe_overflow_brackets, portal_sewer_entry_d,
          uniq_robin, uniq_ijyb

Skill      XL: |  1  2  3  4 |
---------------+-------------+-----
Axes           | 1 2 3 |  3.2
Fighting       | 1 2 3 |  3.2
Armour         | 1 2 |  2.7
Dodging        | |  1.5
Stealth        | |  1.5
Spellcasting   | |  2.4
Conjurations   | |  1.0
Summonings     | |  1.0
Translocations | |  0.7

Action                     |  1- 3 |  4- 6 || total
---------------------------+-------+-------++-------
  Melee: Dagger            |    51 |       ||    51
         Short sword       |    73 |    26 ||    99
         Whip              |    15 |       ||    15
         Punch             |     1 |     2 ||     3
         War axe           |       |    96 ||    96
         Unarmed           |       |     1 ||     1
  Throw: Stone             |     4 |     9 ||    13
         Javelin           |       |     3 ||     3
   Cast: Magic Dart        |    20 |       ||    20
    Use: Scroll            |       |     5 ||     5
 Armour: Robe              |    28 |       ||    28
         Ring mail         |    26 |       ||    26
         Chain mail        |    36 |   171 ||   207
         Skin              |       |     1 ||     1
  Dodge: Dodged            |    72 |    89 ||   161

Table legend: (Time is in decaauts)
 A = Elapsed time spent in this place.
 B = Non-inter-level travel time spent in this place.
 C = Inter-level travel time spent in this place.
 D = Time resting spent in this place.
 E = Time spent auto-exploring this place.
 F = Levels seen in this place.
 G = Mean time per level.
                   A        B        C        D        E       F      G
               +--------+--------+--------+--------+--------+-----+--------+
         Total |   3101 |   3058 |     43 |    472 |   1420 |   4 |  775.2 |
       Dungeon |   2889 |   2846 |     43 |    408 |   1356 |   3 |  963.0 |
         Sewer |    212 |    212 |      0 |     64 |     64 |   1 |  212.0 |
               +--------+--------+--------+--------+--------+-----+--------+

Top non-repeatable levels by time:
     D:1: 1142 daAuts
     D:2: 912 daAuts
     D:3: 834 daAuts
   Sewer: 212 daAuts
